 Dungeon Crawl Stone Soup version 0.23-a0-484-g29ba69c (webtiles) character file.

81 zishaf the Stinger (level 4, -5/27 HPs)
             Began as an Octopode Venom Mage on Dec 1, 2018.
             Killed by nerve-wracking pain
             ... invoked by Jessica
              (14 damage)
             ... on level 3 of the Dungeon.
             The game lasted 00:03:52 (2565 turns).

zishaf the Stinger (Octopode Venom Mage)            Turns: 2565, Time: 00:03:54

Health: -5/27      AC:  1    Str:  9    XL:     4   Next: 42%
Magic:  5/7        EV: 14    Int: 18    God:
Gold:   130        SH:  0    Dex: 12    Spells: 1/7 levels left

rFire    . . .     SeeInvis .   a - +0 short sword
rCold    . . .     Gourm    .   (no shield)
rNeg     . . .     Faith    .   (helmet restricted)
rPois    .         Spirit   .   (no amulet)
rElec    .         Reflect  .   p - +2 ring of strength
rCorr    .         Harm     .   (no ring)
MR       .....                  (no ring)
Stlth    +++.......             (no ring)
HPRegen  0.09/turn              (no ring)
MPRegen  0.10/turn              (no ring)
                                (no ring)
                                (no ring)

@: very slightly contaminated
A: almost no armour, stealthy swim, amphibious, 8 rings, constrict 8, camouflage
1, gelatinous body 1
a: no special abilities


You were on level 3 of the Dungeon.
You were not hungry.

You visited 1 branch of the dungeon, and saw 3 of its levels.

You collected 130 gold pieces.

Inventory:

Hand Weapons
 a - a +0 short sword (weapon)
Missiles
 f - 78 stones (quivered)
Jewellery
 p - a +2 ring of strength (left tentacle)
Wands
 g - a wand of random effects (14)
Scrolls
 d - a scroll of amnesia {unknown}
 h - a scroll of teleportation {unknown}
 i - 3 scrolls of identify {unknown}
 l - 2 scrolls of fog {unknown}
 n - a scroll of immolation {unknown}
 q - a scroll of enchant armour {unknown}
Potions
 c - a potion of ambrosia {unknown}
 e - a potion of haste {unknown}
 j - a potion of lignification {unknown}
 k - a potion of brilliance {unknown}
 o - a potion of curing {unknown}
Comestibles
 b - 3 rations
 m - 2 chunks of flesh


   Skills:
 + Level 2.7 Dodging
 + Level 3.7 Stealth
 + Level 2.4 Spellcasting
 + Level 2.0 Conjurations
 + Level 4.2 Poison Magic


You had one spell level left.
You knew the following spells:

 Your Spells              Type           Power        Failure   Level  Hunger
a - Sting                 Conj/Pois      ##..         4%          1    #......
b - Poisonous Vapours     Pois/Air       #.....       11%         2    ##.....
c - Mephitic Cloud        Conj/Pois/Air  #.......     22%         3    ###....

Your spell library contained the following spells:

 Spells                   Type           Power        Failure   Level  Hunger
 Olgreb's Toxic Radiance  Pois           ###.....     30%         4    #####..
 Venom Bolt               Conj/Pois      ##........   80%         5    ######.


Dungeon Overview and Level Annotations

Branches:
Dungeon (3/15)

Altars:

Annotations:
D:3 Jessica


Innate Abilities, Weirdness & Mutations

You cannot wear most types of armour.
You are very stealthy in the water. (Stealth+)
You are amphibious.
You can wear up to eight rings at the same time.
You can use your tentacles to constrict eight enemies at once.
Your skin changes colour to match your surroundings (Stealth+).
Your rubbery body absorbs attacks. (AC +1, EV +1)


Message History

Jessica shouts!
The orc barely misses you. The orc hits you with a +0 trident!
You hit the orc but do no damage. You grab the orc. You constrict the orc.
The orc closely misses you. The orc barely misses you.
You hit the orc. You squeeze the orc, but do no damage.
The orc is severely wounded.
You constrict the orc.
You kill the orc!
The orc hits you with a +0 dagger. Jessica completely misses you.
An orc comes into view.
The orc misses you. Jessica hits you but does no damage.
Things that are here:
a +0 trident; a +0 chain mail; an orc corpse You hit the orc but do no damage.
You grab the orc.
You constrict the orc, but do no damage.
The orc hits you with a +0 dagger.
Jessica points at you and mumbles some strange words.
Pain shoots through your body!
Ouch! That really hurt!
You die...

#. #. #.# #..
#.. #.o
#.)#######.".
##..[<@.....#
#.).o@...##...
#.#.####.# ..
#. .# ## #. #
#. #. #.


You could see Jessica and 2 orcs.

Vanquished Creatures
  An adder (D:2)
  2 oozes (D:2)
  2 worms (D:2)
  A leopard gecko (D:2)
  4 orcs
  4 giant cockroaches
  7 goblins
  4 hobgoblins
  5 jackals
  8 bats
  7 frilled lizards
  4 kobolds
  5 rats
54 creatures vanquished.

Notes
Turn   | Place    | Note
-------+----------+-------------------------------------------
     0 | D:1      | zishaf the Octopode Venom Mage began the quest for the Orb.
     0 | D:1      | Reached XP level 1. HP: 11/11 MP: 3/3
     6 | D:1      | Noticed an ettin
     6 | D:1      | Noticed a hell rat
     6 | D:1      | Noticed a worker ant
     6 | D:1      | Noticed an iguana
   217 | D:1      | Reached XP level 2. HP: 14/17 MP: 1/5
  1281 | D:2      | Reached XP level 3. HP: 14/21 MP: 6/6
  1440 | D:2      | Reached skill level 4 in Poison Magic
  1466 | D:2      | Learned a level 2 spell: Poisonous Vapours
  1470 | D:2      | Learned a level 3 spell: Mephitic Cloud
  2141 | D:2      | Reached XP level 4. HP: 22/27 MP: 7/7
  2560 | D:3      | Noticed Jessica
  2565 | D:3      | Killed from afar by Jessica

Vault maps used:
D:1:      onia_arrival_zoo_common
D:3:      cheibrodos_sewer_entry_drain, chequers_ecumenical_altar_lobes,
          first_ration, uniq_jessica

Skill      XL: |  1  2  3  4 |
---------------+-------------+-----
Stealth        | 3 |  3.7
Poison Magic   | 4 |  4.2
Conjurations   | 2 |  2.0
Dodging        | |  2.7
Spellcasting   | |  2.4

Action                   |  1- 3 |  4- 6 || total
-------------------------+-------+-------++-------
Melee: Unarmed           |     8 |       ||     8
       Constrict         |    14 |     6 ||    20
       Short sword       |    66 |    22 ||    88
       Tentacles         |     9 |     5 ||    14
 Cast: Sting             |    18 |       ||    18
       Poisonous Vapours |     4 |     2 ||     6
       Mephitic Cloud    |     1 |     2 ||     3
 Stab: Sleeping          |    12 |     1 ||    13
       Confused          |       |     1 ||     1
  Eat: Chunk             |     4 |     2 ||     6
Armor: Skin              |     9 |     1 ||    10
Dodge: Dodged            |    49 |    32 ||    81

Table legend:
 A = Non-vault XP
 B = Vault XP
 C = Vault XP percentage of total XP
 D = Non-vault monster count
 E = Vault monster count
 F = Vault count percentage of total count
                 A         B        C        D         E       F
            +---------+---------+-------+---------+---------+-------
      Total |     117 |       0 |   0.0 |      54 |       0 |   0.0
            +---------+---------+-------+---------+---------+-------
        D:1 |      32 |       0 |   0.0 |      20 |       0 |   0.0
        D:2 |      77 |       0 |   0.0 |      31 |       0 |   0.0
        D:3 |       8 |       0 |   0.0 |       3 |       0 |   0.0
            +---------+---------+-------+---------+---------+-------
